General information
- name: BNet
- type: Ladder team game (AT/RT)
- host: Battle.net
- saver: BO_SCHEMBECHLER
map: Friends
- players: 8
- length: 79:52
- speed: Fast
- version: 1.21 W3XP
- replay type: Public
» download(605 KB)
Players
team 1 (winner)
BO_SCHEMBECHLER (
green | 68 APM | 5432 actions | 79:52)
8 Blood Mage
3 Flame Strike
2 Siphon Mana
1 Summon Phoenix
2 Banish
9 Paladin
3 Holy Light
3 Divine Shield
3 Devotion Aura
7 Mountain King
3 Storm Bolt
3 Bash
1 Avatar
» actions
| Assign group hotkey | 31 | |
| Basic commands | 54 | |
| Build / train | 175 | |
| ESC pressed | 9 | |
| Enter build submenu | 59 | |
| Enter hero's abilities submenu | 24 | |
| Give item / drop item | 2 | |
| Right click | 1908 | |
| Select / deselect | 674 | |
| Select group hotkey | 1858 | |
| Use ability | 638 | |
5432 total
» units
| Peasant | 29 | |
| Dragonhawk Rider | 47 | |
| Sorceress | 1 | |
| Goblin Zeppelin | 1 | |
78 total
» upgrades
| Masonry | 3 | |
| Lumber Harvesting | 1 | |
| Magic Sentry | 1 | |
| Sorceress Training | 1 | |
| Cloud | 1 | |
| Animal War Training | 1 | |
| Armor | 3 | |
| Swords | 3 | |
14 total
» buildings
| Altar of Kings | 1 | |
| Lumber Mill | 3 | |
| Farm | 15 | |
| Scout Tower | 101 | |
| Guard Tower | 26 | |
| Keep | 1 | |
| Gryphon Aviary | 2 | |
| Arcane Vault | 5 | |
| Arcane Sanctum | 1 | |
| Castle | 1 | |
| Barracks | 1 | |
| Blacksmith | 1 | |
| Town Hall | 5 | |
| Arcane Tower | 4 | |
167 total
» build order
00:10 Altar of Kings
00:28 Lumber Mill
00:32 Farm
00:54 Farm
01:13 Scout Tower
01:18 Scout Tower
01:46 Scout Tower
01:49 Scout Tower
02:13 Scout Tower
02:14 Scout Tower
02:16 Guard Tower
02:24 Farm
02:53 Guard Tower
03:20 Scout Tower
03:22 Guard Tower
03:40 Scout Tower
03:40 Scout Tower
03:47 Guard Tower
04:00 Scout Tower
04:01 Scout Tower
04:02 Scout Tower
04:06 Scout Tower
04:06 Scout Tower
04:06 Scout Tower
04:08 Scout Tower
04:19 Guard Tower
04:26 Scout Tower
04:28 Scout Tower
04:29 Scout Tower
04:51 Guard Tower
04:56 Guard Tower
05:02 Scout Tower
05:04 Scout Tower
05:18 Guard Tower
05:27 Guard Tower
05:58 Keep
06:34 Guard Tower
06:53 Farm
06:53 Farm
06:54 Farm
07:00 Scout Tower
07:01 Scout Tower
07:34 Scout Tower
07:37 Scout Tower
07:38 Scout Tower
07:40 Scout Tower
07:41 Scout Tower
07:41 Scout Tower
07:44 Scout Tower
07:44 Scout Tower
07:45 Scout Tower
07:46 Scout Tower
08:56 Gryphon Aviary
08:58 Gryphon Aviary
09:08 Guard Tower
09:34 Guard Tower
11:33 Lumber Mill
11:35 Scout Tower
11:35 Scout Tower
11:35 Scout Tower
11:35 Scout Tower
11:36 Scout Tower
11:41 Arcane Vault
11:55 Guard Tower
12:18 Guard Tower
13:03 Guard Tower
14:58 Guard Tower
15:14 Arcane Sanctum
15:48 Guard Tower
15:50 Scout Tower
15:50 Scout Tower
16:16 Scout Tower
16:16 Scout Tower
16:16 Scout Tower
16:17 Scout Tower
16:18 Scout Tower
16:18 Scout Tower
16:18 Scout Tower
16:18 Scout Tower
16:19 Scout Tower
16:19 Scout Tower
16:30 Castle
16:53 Guard Tower
20:01 Scout Tower
20:02 Scout Tower
20:02 Scout Tower
20:03 Scout Tower
20:04 Scout Tower
20:05 Scout Tower
20:06 Scout Tower
20:59 Barracks
21:02 Blacksmith
23:00 Guard Tower
23:04 Guard Tower
23:13 Guard Tower
23:18 Guard Tower
26:40 Farm
26:40 Farm
26:41 Farm
26:41 Farm
27:02 Farm
27:08 Lumber Mill
28:27 Farm
33:35 Town Hall
33:44 Farm
33:45 Farm
35:35 Scout Tower
35:36 Scout Tower
37:02 Guard Tower
37:05 Scout Tower
37:05 Scout Tower
37:06 Scout Tower
37:34 Guard Tower
37:52 Arcane Tower
38:23 Arcane Tower
42:56 Town Hall
47:29 Town Hall
56:16 Town Hall
64:46 Town Hall
64:57 Scout Tower
64:57 Scout Tower
64:57 Scout Tower
64:58 Scout Tower
64:59 Scout Tower
64:59 Scout Tower
65:00 Scout Tower
65:01 Scout Tower
66:32 Arcane Tower
67:17 Arcane Tower
68:02 Guard Tower
69:55 Scout Tower
69:55 Scout Tower
69:56 Scout Tower
69:57 Scout Tower
69:57 Scout Tower
69:57 Scout Tower
69:58 Scout Tower
69:58 Scout Tower
69:58 Scout Tower
70:00 Scout Tower
70:00 Scout Tower
70:01 Scout Tower
70:02 Scout Tower
70:02 Scout Tower
71:21 Arcane Vault
71:21 Arcane Vault
71:22 Arcane Vault
71:24 Arcane Vault
75:11 Scout Tower
75:12 Scout Tower
75:13 Scout Tower
75:13 Scout Tower
78:56 Guard Tower
» items
| Scroll of Regeneration | 2 | |
| Lesser Clarity Potion | 7 | |
| Potion of Healing | 1 | |
| Healing Salve | 3 | |
| Staff of Sanctuary | 3 | |
| Potion of Mana | 1 | |
| Inferno Stone | 1 | |
| Ankh of Reincarnation | 1 | |
| Sobi Mask | 2 | |
| Orb of Fire | 1 | |
| Orb of Lightning | 1 | |
| Robe of the Magi +6 | 1 | |
24 total
Chopstix (
red | 71 APM | 5683 actions | 79:51)
10 Tauren Chieftain
3 Shockwave
3 Endurance Aura
1 Reincarnation
3 War Stomp
3 Blademaster
2 Critical Strike
1 Wind Walk
» actions
| Assign group hotkey | 37 | |
| Basic commands | 139 | |
| Build / train | 235 | |
| ESC pressed | 5 | |
| Enter build submenu | 152 | |
| Enter hero's abilities submenu | 13 | |
| Give item / drop item | 2 | |
| Right click | 2670 | |
| Select / deselect | 765 | |
| Select group hotkey | 1043 | |
| Use ability | 622 | |
5683 total
» units
| Peon | 71 | |
| Raider | 20 | |
| Goblin Shredder | 4 | |
| Troll Batrider | 27 | |
122 total
» upgrades
| Pillage | 1 | |
| Melee Weapons | 3 | |
| Ensnare | 1 | |
| Armor | 3 | |
| Spiked Barricades | 3 | |
| Reinforced Defenses | 1 | |
12 total
» buildings
| Altar of Storms | 1 | |
| Orc Burrow | 8 | |
| War Mill | 8 | |
| Watch Tower | 152 | |
| Voodoo Lounge | 1 | |
| Stronghold | 1 | |
| Beastiary | 3 | |
| Great Hall | 7 | |
| Fortress | 1 | |
182 total
» build order
00:09 Altar of Storms
00:14 Orc Burrow
00:26 War Mill
01:46 Watch Tower
02:00 Watch Tower
02:15 Orc Burrow
02:35 Voodoo Lounge
02:56 Watch Tower
03:20 Watch Tower
03:53 Watch Tower
04:12 Watch Tower
04:16 War Mill
04:45 Stronghold
05:06 Watch Tower
05:06 Watch Tower
05:35 Watch Tower
06:08 Watch Tower
06:12 Watch Tower
07:00 Watch Tower
07:07 Beastiary
07:10 Beastiary
07:19 Watch Tower
07:21 Watch Tower
08:32 Watch Tower
08:44 Watch Tower
09:06 Watch Tower
09:17 Orc Burrow
09:42 Watch Tower
12:57 Great Hall
13:08 Orc Burrow
13:15 Beastiary
13:23 Watch Tower
13:56 Orc Burrow
14:02 Watch Tower
14:32 Watch Tower
14:36 Watch Tower
14:38 Watch Tower
15:37 Watch Tower
15:39 Watch Tower
15:53 Watch Tower
16:01 Fortress
16:05 Watch Tower
16:30 Watch Tower
17:25 Watch Tower
17:27 Watch Tower
17:30 Watch Tower
20:11 Watch Tower
20:12 Watch Tower
20:14 Watch Tower
20:31 War Mill
20:50 Watch Tower
20:54 Watch Tower
21:17 Watch Tower
23:08 Watch Tower
23:09 Watch Tower
23:11 Watch Tower
23:47 Watch Tower
23:48 Watch Tower
24:08 Watch Tower
24:10 Watch Tower
24:13 Watch Tower
24:16 Watch Tower
25:19 Watch Tower
25:20 Watch Tower
26:07 Watch Tower
26:11 War Mill
26:47 Watch Tower
27:16 Watch Tower
27:20 Watch Tower
28:03 Watch Tower
28:16 Watch Tower
28:17 Watch Tower
28:18 Watch Tower
28:21 Watch Tower
28:34 Watch Tower
28:35 Watch Tower
29:16 Watch Tower
29:19 Watch Tower
29:20 Watch Tower
29:22 Watch Tower
29:43 Watch Tower
30:33 Orc Burrow
30:37 Orc Burrow
30:55 Watch Tower
30:56 Watch Tower
30:58 Watch Tower
30:59 Watch Tower
32:54 Watch Tower
34:06 Watch Tower
34:09 Watch Tower
34:12 Watch Tower
35:36 Watch Tower
36:04 Great Hall
36:25 Watch Tower
36:44 Watch Tower
37:28 Watch Tower
38:02 Watch Tower
38:03 Watch Tower
38:04 Watch Tower
38:10 Great Hall
39:14 Watch Tower
39:15 Watch Tower
40:14 Watch Tower
40:16 Watch Tower
40:17 Watch Tower
40:20 Watch Tower
40:20 Watch Tower
40:21 Watch Tower
40:26 Watch Tower
40:27 Watch Tower
40:27 Watch Tower
44:18 Watch Tower
44:20 Watch Tower
44:26 Watch Tower
44:31 Watch Tower
46:21 Watch Tower
46:31 Watch Tower
46:32 Watch Tower
46:43 Watch Tower
46:45 Watch Tower
46:47 Watch Tower
46:47 Watch Tower
46:48 Watch Tower
46:49 Watch Tower
46:49 Watch Tower
47:44 Watch Tower
47:44 Watch Tower
48:30 Watch Tower
49:12 Watch Tower
52:48 Watch Tower
52:49 Watch Tower
52:49 Watch Tower
53:56 Great Hall
54:06 Watch Tower
54:06 Watch Tower
54:09 Watch Tower
54:10 Watch Tower
54:10 Watch Tower
56:13 Watch Tower
56:13 Watch Tower
56:14 Watch Tower
57:15 Watch Tower
57:15 Watch Tower
57:35 Watch Tower
57:36 Watch Tower
57:36 Watch Tower
57:36 Watch Tower
58:46 Watch Tower
59:53 Watch Tower
59:53 Watch Tower
59:54 Watch Tower
59:54 Watch Tower
60:30 Watch Tower
60:33 Watch Tower
60:34 Watch Tower
60:34 Watch Tower
60:50 Great Hall
61:22 War Mill
61:26 War Mill
61:37 War Mill
63:14 Watch Tower
63:16 Watch Tower
63:17 Watch Tower
63:18 Watch Tower
63:18 Watch Tower
63:20 Watch Tower
63:20 Watch Tower
65:04 Watch Tower
65:04 Watch Tower
65:05 Watch Tower
65:18 Watch Tower
65:18 Watch Tower
67:37 War Mill
70:23 Watch Tower
70:24 Watch Tower
74:44 Watch Tower
77:23 Watch Tower
77:23 Watch Tower
77:24 Watch Tower
78:54 Great Hall
78:57 Great Hall
79:46 Orc Burrow
» items
| Lesser Clarity Potion | 17 | |
| Healing Salve | 14 | |
| Scroll of Town Portal | 17 | |
| Potion of Mana | 10 | |
| Potion of Healing | 6 | |
| Orb of Fire | 1 | |
| Orb of Lightning | 1 | |
| Amulet of the Wild | 2 | |
| Inferno Stone | 4 | |
| Belt of Giant Strength +6 | 1 | |
| Ankh of Reincarnation | 1 | |
| Demonic Figurine | 3 | |
| Tiny Great Hall | 2 | |
| Scourge Bone Chimes | 1 | |
80 total
observati (
orange | 59 APM | 4692 actions | 79:51)
5 Blood Mage
3 Flame Strike
1 Siphon Mana
1 Banish
1 Paladin
1 Divine Shield
1 Blademaster
1 Wind Walk
» actions
| Assign group hotkey | 24 | |
| Basic commands | 54 | |
| Build / train | 75 | |
| Enter build submenu | 62 | |
| Enter hero's abilities submenu | 7 | |
| Remove unit from queue | 2 | |
| Right click | 2976 | |
| Select / deselect | 821 | |
| Select group hotkey | 308 | |
| Use ability | 360 | |
4692 total
» units
| Peasant | 16 | |
| Dragonhawk Rider | 13 | |
29 total
» upgrades
| Cloud | 1 | |
| Lumber Harvesting | 2 | |
| Magic Sentry | 1 | |
| Storm Hammers | 1 | |
| Gunpowder | 1 | |
| Armor | 1 | |
7 total
» buildings
| Altar of Kings | 2 | |
| Farm | 7 | |
| Lumber Mill | 2 | |
| Scout Tower | 37 | |
| Guard Tower | 11 | |
| Arcane Tower | 4 | |
| Arcane Vault | 1 | |
| Keep | 2 | |
| Castle | 1 | |
| Gryphon Aviary | 2 | |
| Arcane Sanctum | 1 | |
| Town Hall | 2 | |
| Blacksmith | 1 | |
73 total
» build order
00:04 Altar of Kings
00:08 Farm
01:01 Farm
01:11 Lumber Mill
01:45 Scout Tower
02:17 Scout Tower
02:20 Scout Tower
02:41 Scout Tower
02:42 Scout Tower
02:53 Scout Tower
03:12 Guard Tower
03:14 Scout Tower
03:27 Scout Tower
04:16 Arcane Tower
04:18 Scout Tower
04:19 Scout Tower
04:41 Arcane Vault
04:48 Keep
04:53 Scout Tower
05:00 Scout Tower
05:15 Guard Tower
05:29 Scout Tower
05:31 Scout Tower
06:00 Scout Tower
06:02 Scout Tower
06:06 Arcane Tower
06:09 Guard Tower
06:24 Guard Tower
06:28 Scout Tower
06:33 Scout Tower
07:27 Guard Tower
07:48 Farm
07:49 Farm
08:53 Farm
08:55 Castle
09:01 Gryphon Aviary
09:07 Guard Tower
09:24 Scout Tower
09:38 Farm
11:26 Gryphon Aviary
11:38 Lumber Mill
11:56 Scout Tower
11:59 Scout Tower
12:37 Scout Tower
12:39 Scout Tower
12:58 Arcane Tower
12:59 Arcane Tower
13:18 Arcane Sanctum
14:18 Guard Tower
17:27 Town Hall
20:29 Blacksmith
22:51 Scout Tower
22:54 Scout Tower
23:24 Scout Tower
23:25 Scout Tower
23:27 Scout Tower
23:31 Keep
23:34 Scout Tower
23:42 Scout Tower
23:46 Guard Tower
23:59 Scout Tower
24:01 Scout Tower
24:05 Guard Tower
24:24 Farm
24:32 Guard Tower
24:35 Scout Tower
25:19 Guard Tower
25:23 Scout Tower
25:24 Scout Tower
26:14 Town Hall
26:39 Scout Tower
26:42 Scout Tower
52:04 Altar of Kings
» items
| Scroll of Regeneration | 4 | |
| Lesser Clarity Potion | 3 | |
| Potion of Healing | 1 | |
| Scroll of Town Portal | 2 | |
10 total
Panda_Slammed (
yellow | 51 APM | 4070 actions | 79:51)
8 Blood Mage
3 Flame Strike
3 Siphon Mana
1 Summon Phoenix
1 Banish
» actions
| Assign group hotkey | 9 | |
| Basic commands | 453 | |
| Build / train | 153 | |
| Enter build submenu | 85 | |
| Enter hero's abilities submenu | 8 | |
| Remove unit from queue | 3 | |
| Right click | 1753 | |
| Select / deselect | 1201 | |
| Select group hotkey | 85 | |
| Use ability | 320 | |
4070 total
» units
| Peasant | 28 | |
| Mortar Team | 9 | |
| Goblin Shredder | 1 | |
| Sorceress | 4 | |
42 total
» upgrades
| Masonry | 1 | |
| Lumber Harvesting | 1 | |
| Flare | 1 | |
| Fragmentation Shards | 1 | |
| Magic Sentry | 1 | |
| Sorceress Training | 1 | |
6 total
» buildings
| Altar of Kings | 2 | |
| Farm | 13 | |
| Lumber Mill | 4 | |
| Scout Tower | 107 | |
| Guard Tower | 68 | |
| Arcane Vault | 1 | |
| Keep | 1 | |
| Blacksmith | 2 | |
| Workshop | 2 | |
| Castle | 1 | |
| Arcane Sanctum | 1 | |
| Cannon Tower | 2 | |
| Town Hall | 4 | |
208 total
» build order
00:08 Altar of Kings
00:11 Farm
00:43 Lumber Mill
00:47 Farm
01:06 Scout Tower
01:06 Scout Tower
01:50 Guard Tower
02:12 Guard Tower
02:14 Scout Tower
02:47 Guard Tower
02:49 Scout Tower
03:15 Scout Tower
03:15 Scout Tower
03:19 Scout Tower
03:20 Scout Tower
03:22 Guard Tower
03:23 Scout Tower
03:24 Scout Tower
03:29 Arcane Vault
03:51 Guard Tower
03:52 Guard Tower
03:54 Guard Tower
03:57 Scout Tower
03:58 Scout Tower
03:59 Scout Tower
04:00 Scout Tower
04:07 Scout Tower
04:16 Guard Tower
04:20 Guard Tower
04:34 Guard Tower
04:51 Guard Tower
04:53 Guard Tower
05:07 Guard Tower
05:10 Scout Tower
05:11 Scout Tower
05:39 Guard Tower
06:20 Guard Tower
06:23 Keep
06:26 Guard Tower
06:29 Scout Tower
06:30 Scout Tower
06:32 Scout Tower
06:32 Scout Tower
06:51 Scout Tower
06:51 Scout Tower
06:53 Scout Tower
07:18 Blacksmith
07:29 Guard Tower
07:35 Guard Tower
07:43 Guard Tower
08:52 Workshop
08:54 Workshop
09:25 Castle
09:43 Lumber Mill
09:45 Scout Tower
09:46 Scout Tower
09:56 Scout Tower
09:56 Scout Tower
10:07 Farm
10:08 Farm
10:35 Guard Tower
11:09 Guard Tower
11:11 Scout Tower
11:12 Scout Tower
11:20 Farm
11:21 Farm
12:09 Guard Tower
12:14 Arcane Sanctum
12:30 Scout Tower
12:32 Scout Tower
13:13 Cannon Tower
14:00 Cannon Tower
14:28 Scout Tower
14:29 Scout Tower
14:34 Scout Tower
14:36 Scout Tower
14:43 Farm
14:44 Farm
15:08 Guard Tower
17:18 Guard Tower
17:25 Scout Tower
17:25 Scout Tower
20:06 Guard Tower
20:58 Guard Tower
21:01 Scout Tower
33:25 Town Hall
37:55 Farm
39:19 Farm
39:58 Farm
41:07 Altar of Kings
42:02 Farm
42:51 Farm
43:38 Blacksmith
43:52 Lumber Mill
52:32 Town Hall
56:38 Town Hall
58:46 Lumber Mill
60:05 Scout Tower
60:05 Scout Tower
60:06 Scout Tower
60:44 Guard Tower
61:01 Scout Tower
61:03 Scout Tower
61:06 Scout Tower
61:07 Scout Tower
61:09 Scout Tower
61:10 Guard Tower
61:28 Scout Tower
61:29 Scout Tower
61:30 Scout Tower
61:32 Guard Tower
61:33 Guard Tower
61:38 Guard Tower
61:42 Scout Tower
61:56 Scout Tower
61:57 Scout Tower
61:58 Scout Tower
61:59 Guard Tower
62:01 Guard Tower
62:04 Guard Tower
62:06 Scout Tower
62:06 Scout Tower
62:08 Scout Tower
62:08 Scout Tower
62:12 Guard Tower
62:14 Scout Tower
62:15 Scout Tower
62:16 Scout Tower
62:16 Scout Tower
62:24 Guard Tower
62:44 Guard Tower
62:49 Guard Tower
63:23 Guard Tower
63:34 Guard Tower
63:40 Guard Tower
63:48 Guard Tower
64:01 Guard Tower
64:10 Guard Tower
64:14 Guard Tower
64:18 Scout Tower
64:19 Scout Tower
64:20 Scout Tower
64:26 Scout Tower
64:27 Scout Tower
64:28 Scout Tower
64:35 Scout Tower
64:37 Scout Tower
64:38 Scout Tower
64:42 Scout Tower
64:43 Scout Tower
64:44 Scout Tower
64:54 Guard Tower
65:06 Guard Tower
65:15 Guard Tower
65:35 Guard Tower
65:38 Guard Tower
65:52 Guard Tower
65:56 Guard Tower
66:20 Guard Tower
66:23 Scout Tower
66:24 Scout Tower
66:25 Scout Tower
66:26 Scout Tower
66:38 Scout Tower
66:38 Scout Tower
66:41 Scout Tower
67:01 Guard Tower
67:25 Guard Tower
67:30 Guard Tower
67:39 Guard Tower
68:04 Guard Tower
68:05 Guard Tower
68:17 Guard Tower
68:19 Scout Tower
68:19 Scout Tower
68:24 Scout Tower
68:26 Scout Tower
68:27 Scout Tower
69:22 Guard Tower
69:25 Scout Tower
69:25 Scout Tower
69:58 Guard Tower
70:33 Scout Tower
70:34 Scout Tower
70:35 Scout Tower
70:40 Scout Tower
74:46 Scout Tower
74:47 Scout Tower
74:48 Scout Tower
74:51 Scout Tower
74:51 Scout Tower
74:52 Scout Tower
74:59 Scout Tower
75:00 Scout Tower
75:00 Scout Tower
75:01 Scout Tower
75:42 Town Hall
75:46 Guard Tower
76:17 Guard Tower
76:55 Guard Tower
77:02 Guard Tower
77:03 Scout Tower
77:04 Scout Tower
77:06 Scout Tower
77:07 Scout Tower
77:08 Scout Tower
77:33 Guard Tower
79:49 Guard Tower
» items
| Scroll of Regeneration | 8 | |
| Lesser Clarity Potion | 4 | |
| Potion of Healing | 3 | |
| Scroll of Town Portal | 6 | |
21 total
team 2 (loser)
aMazenArroh (
purple | 45 APM | 3608 actions | 79:50)
8 Warden
3 Shadow Strike
3 Blink
1 Spirit of Vengeance
1 Fan of Knives
8 Priestess of the Moon
3 Trueshot Aura
3 Scout
1 Starfall
1 Searing Arrows
» actions
| Assign group hotkey | 64 | |
| Basic commands | 214 | |
| Build / train | 145 | |
| Enter build submenu | 35 | |
| Enter hero's abilities submenu | 17 | |
| Give item / drop item | 2 | |
| Remove unit from queue | 2 | |
| Right click | 1725 | |
| Select / deselect | 990 | |
| Select group hotkey | 239 | |
| Use ability | 175 | |
3608 total
» units
| Wisp | 36 | |
| Huntress | 2 | |
| Glaive Thrower | 2 | |
| Druid of the Talon | 10 | |
| Chimaera | 43 | |
| Hippogryph | 5 | |
98 total
» upgrades
| Ultravision | 1 | |
| Druid of the Talon Training | 2 | |
| Strength of the Wild | 3 | |
| Corrosive Breath | 1 | |
| Reinforced Hides | 3 | |
| Well Spring | 1 | |
| Mark of the Talon | 1 | |
12 total
» buildings
| Moon Well | 11 | |
| Altar of Elders | 1 | |
| Hunter's Hall | 1 | |
| Tree of Ages | 2 | |
| Ancient of War | 2 | |
| Tree of Eternity | 3 | |
| Ancient of Wind | 2 | |
| Chimaera Roost | 9 | |
| Tree of Life | 5 | |
| Ancient of Wonders | 2 | |
38 total
» build order
00:21 Moon Well
00:35 Altar of Elders
02:06 Hunter's Hall
02:15 Moon Well
03:11 Tree of Ages
03:14 Ancient of War
03:20 Ancient of War
03:59 Moon Well
07:21 Tree of Eternity
07:25 Ancient of Wind
07:29 Moon Well
07:31 Moon Well
08:52 Moon Well
09:47 Chimaera Roost
09:56 Chimaera Roost
10:58 Moon Well
17:03 Moon Well
18:00 Moon Well
29:17 Tree of Life
33:37 Tree of Ages
35:58 Tree of Eternity
35:59 Tree of Eternity
38:26 Chimaera Roost
38:30 Chimaera Roost
38:36 Chimaera Roost
39:24 Tree of Life
39:38 Moon Well
39:40 Moon Well
52:35 Chimaera Roost
53:11 Chimaera Roost
58:57 Tree of Life
59:28 Ancient of Wonders
69:09 Ancient of Wonders
69:13 Tree of Life
74:49 Ancient of Wind
76:39 Chimaera Roost
76:41 Chimaera Roost
77:17 Tree of Life
» items
| Scroll of Town Portal | 1 | |
| Orb of Corruption | 1 | |
| Potion of Restoration | 1 | |
| Mana Stone | 1 | |
| Orb of Venom | 1 | |
| Potion of Healing | 1 | |
| Anti-magic Potion | 1 | |
| Potion of Mana | 1 | |
8 total
aMazenPatriot (
blue | 46 APM | 3564 actions | 77:39)
10 Death Knight
3 Death Coil
3 Unholy Aura
1 Animate Dead
3 Death Pact
» actions
| Basic commands | 6 | |
| Build / train | 94 | |
| Enter build submenu | 25 | |
| Enter hero's abilities submenu | 12 | |
| Right click | 1744 | |
| Select / deselect | 1515 | |
| Use ability | 166 | |
3564 total
» units
| Acolyte | 4 | |
| Ghoul | 5 | |
| Crypt Fiend | 5 | |
| Frost Wyrm | 36 | |
| Gargoyle | 5 | |
55 total
» upgrades
| Web | 1 | |
| Creature Attack | 3 | |
| Creature Carapace | 3 | |
| Freezing Breath | 1 | |
8 total
» buildings
| Graveyard | 1 | |
| Altar of Darkness | 1 | |
| Crypt | 1 | |
| Ziggurat | 10 | |
| Tomb of Relics | 1 | |
| Spirit Tower | 5 | |
| Nerubian Tower | 2 | |
| Halls of the Dead | 3 | |
| Slaughterhouse | 1 | |
| Black Citadel | 2 | |
| Sacrificial Pit | 1 | |
| Boneyard | 2 | |
| Necropolis | 1 | |
31 total
» build order
00:17 Graveyard
00:21 Altar of Darkness
00:26 Crypt
00:34 Ziggurat
02:14 Ziggurat
02:30 Tomb of Relics
03:56 Ziggurat
04:50 Spirit Tower
04:53 Nerubian Tower
04:58 Spirit Tower
05:03 Ziggurat
05:45 Halls of the Dead
06:20 Ziggurat
07:08 Nerubian Tower
07:29 Spirit Tower
07:31 Ziggurat
07:37 Ziggurat
08:23 Slaughterhouse
08:54 Spirit Tower
08:55 Spirit Tower
09:43 Black Citadel
09:43 Black Citadel
09:51 Sacrificial Pit
11:18 Ziggurat
12:08 Boneyard
12:11 Boneyard
26:28 Ziggurat
29:35 Ziggurat
38:27 Necropolis
69:55 Halls of the Dead
» items
| Rod of Necromancy | 1 | |
| Potion of Healing | 1 | |
| Potion of Mana | 1 | |
3 total
Lazyman32 (
teal | 23 APM | 1718 actions | 75:57)
6 Blademaster
2 Wind Walk
3 Critical Strike
1 Bladestorm
» actions
| Build / train | 51 | |
| Enter build submenu | 17 | |
| Enter hero's abilities submenu | 6 | |
| Remove unit from queue | 1 | |
| Right click | 950 | |
| Select / deselect | 608 | |
| Use ability | 85 | |
1718 total
» units
| Peon | 5 | |
| Grunt | 7 | |
| Demolisher | 10 | |
| Goblin Shredder | 1 | |
| Forest Troll Shadow Priest | 1 | |
| Raider | 3 | |
27 total
» upgrades
| Melee Weapons | 1 | |
| Armor | 2 | |
| Burning Oil | 1 | |
| Ranged Weapons | 3 | |
| Ensnare | 1 | |
8 total
» buildings
| Altar of Storms | 1 | |
| Orc Burrow | 6 | |
| Barracks | 2 | |
| Voodoo Lounge | 1 | |
| War Mill | 1 | |
| Stronghold | 1 | |
| Beastiary | 1 | |
| Fortress | 1 | |
| Great Hall | 1 | |
| Watch Tower | 4 | |
19 total
» build order
00:07 Altar of Storms
00:10 Orc Burrow
01:13 Barracks
02:16 Orc Burrow
02:23 Voodoo Lounge
02:29 War Mill
04:05 Stronghold
06:39 Beastiary
07:16 Fortress
07:27 Orc Burrow
08:24 Orc Burrow
09:25 Orc Burrow
10:58 Barracks
12:29 Orc Burrow
19:43 Great Hall
20:53 Watch Tower
20:56 Watch Tower
21:00 Watch Tower
21:04 Watch Tower
» items
| Potion of Healing | 1 | |
| Scroll of Town Portal | 1 | |
| Healing Salve | 1 | |
| Lesser Clarity Potion | 1 | |
| The Lion Horn of Stormwind | 1 | |
| Orb of Corruption | 1 | |
6 total
MooN_KIlleR_12 (
pink | 87 APM | 6907 actions | 79:42)
8 Death Knight
3 Death Coil
3 Unholy Aura
1 Animate Dead
1 Death Pact
6 Lich
3 Frost Nova
2 Frost Armor
1 Death and Decay
» actions
| Assign group hotkey | 313 | |
| Basic commands | 44 | |
| Build / train | 154 | |
| ESC pressed | 5 | |
| Enter build submenu | 84 | |
| Enter hero's abilities submenu | 14 | |
| Give item / drop item | 1 | |
| Right click | 3385 | |
| Select / deselect | 856 | |
| Select group hotkey | 1816 | |
| Use ability | 235 | |
6907 total
» units
| Acolyte | 34 | |
| Ghoul | 7 | |
| Crypt Fiend | 23 | |
| Meatwagon | 13 | |
| Obsidian Statue | 2 | |
| Frost Wyrm | 7 | |
| Gargoyle | 4 | |
90 total
» upgrades
| Creature Attack | 3 | |
| Creature Carapace | 3 | |
| Web | 1 | |
| Disease Cloud | 1 | |
| Burrow | 1 | |
| Freezing Breath | 1 | |
10 total
» buildings
| Crypt | 3 | |
| Graveyard | 1 | |
| Altar of Darkness | 2 | |
| Ziggurat | 76 | |
| Tomb of Relics | 1 | |
| Nerubian Tower | 5 | |
| Spirit Tower | 23 | |
| Halls of the Dead | 1 | |
| Slaughterhouse | 2 | |
| Black Citadel | 1 | |
| Sacrificial Pit | 1 | |
| Boneyard | 2 | |
| Necropolis | 1 | |
119 total
» build order
00:10 Crypt
00:12 Graveyard
00:31 Altar of Darkness
00:48 Ziggurat
01:13 Tomb of Relics
01:51 Ziggurat
03:15 Ziggurat
03:37 Nerubian Tower
04:15 Spirit Tower
04:38 Spirit Tower
04:59 Ziggurat
05:28 Ziggurat
05:29 Ziggurat
05:54 Spirit Tower
06:46 Halls of the Dead
06:47 Nerubian Tower
07:11 Spirit Tower
08:30 Ziggurat
09:11 Slaughterhouse
09:59 Slaughterhouse
11:15 Black Citadel
11:19 Spirit Tower
13:57 Sacrificial Pit
15:02 Boneyard
19:11 Ziggurat
19:14 Ziggurat
19:17 Ziggurat
19:20 Ziggurat
20:46 Spirit Tower
23:14 Ziggurat
23:17 Ziggurat
24:20 Spirit Tower
24:24 Ziggurat
24:27 Ziggurat
24:28 Ziggurat
24:32 Ziggurat
24:34 Ziggurat
25:07 Ziggurat
25:08 Ziggurat
25:31 Spirit Tower
25:32 Nerubian Tower
26:16 Spirit Tower
26:25 Necropolis
26:29 Ziggurat
26:30 Boneyard
26:34 Crypt
26:38 Crypt
26:41 Altar of Darkness
26:42 Ziggurat
26:43 Ziggurat
26:45 Ziggurat
28:29 Spirit Tower
30:00 Spirit Tower
44:46 Ziggurat
44:48 Ziggurat
44:49 Ziggurat
44:51 Ziggurat
44:54 Ziggurat
44:55 Ziggurat
44:57 Ziggurat
44:58 Ziggurat
45:00 Ziggurat
45:59 Spirit Tower
46:25 Spirit Tower
46:31 Ziggurat
46:33 Ziggurat
46:35 Ziggurat
46:36 Ziggurat
46:38 Ziggurat
46:39 Ziggurat
46:43 Ziggurat
47:28 Ziggurat
47:30 Ziggurat
47:32 Spirit Tower
47:40 Nerubian Tower
53:56 Ziggurat
54:00 Ziggurat
54:02 Ziggurat
54:05 Ziggurat
54:51 Ziggurat
54:51 Ziggurat
54:53 Ziggurat
55:45 Ziggurat
55:48 Ziggurat
55:49 Ziggurat
55:53 Ziggurat
56:22 Ziggurat
56:26 Ziggurat
56:28 Ziggurat
56:30 Ziggurat
57:26 Ziggurat
57:27 Ziggurat
57:29 Ziggurat
57:32 Ziggurat
57:36 Ziggurat
57:38 Ziggurat
57:41 Ziggurat
57:43 Ziggurat
57:47 Ziggurat
57:51 Ziggurat
57:55 Spirit Tower
58:12 Spirit Tower
58:16 Spirit Tower
58:38 Spirit Tower
58:42 Nerubian Tower
58:44 Spirit Tower
58:46 Spirit Tower
59:08 Spirit Tower
59:10 Ziggurat
59:12 Ziggurat
59:20 Ziggurat
59:54 Ziggurat
59:55 Ziggurat
59:58 Ziggurat
61:02 Spirit Tower
62:02 Spirit Tower
68:11 Ziggurat
68:12 Ziggurat
68:15 Ziggurat
» items
| Rod of Necromancy | 1 | |
| Dust of Appearance | 1 | |
| Health Stone | 1 | |
| The Lion Horn of Stormwind | 1 | |
| Potion of Restoration | 1 | |
| Sobi Mask | 1 | |
| Scroll of Town Portal | 1 | |
7 total
Chat log
(00:13 / Allies) Panda_Slammed: ownage
(00:17 / Allies) Panda_Slammed: nice map for human eeh
(00:20 / Allies) Panda_Slammed: tower z map
(00:30 / Allies) observati: where do we tower
(00:36 / Allies) Chopstix: base
(00:39 / Allies) Chopstix: but DONT FORGET THE BACKDOOR
(01:18 / All) aMazenPatriot: Dude Arroh... i give the best blowjobs, just close your eyes. It feels exactly like a girl
(01:19 / Allies) Panda_Slammed: im getting bm cause hes my fav
(01:19 / Allies) Chopstix: after tower base a litlte
(01:22 / Allies) Chopstix: tower the gold mine
(01:24 / Allies) Chopstix: then tower hte backdoor
(01:26 / All) observati: i want to feel it
(01:31 / All) Lazyman32: So I mushroom slapped a gay...unicorn?
(01:31 / All) observati: i want to touch a girl
(01:32 / All) observati: just once
(01:36 / All) aMazenArroh: no way man
(01:45 / All) Panda_Slammed: i kissed a girl and i liked it
(01:46 / All) aMazenArroh: we should go to my place
(01:47 / All) aMazenArroh: somtime
(02:01 / All) observati: 4sure
(02:01 / All) aMazenArroh: i would luv to get C-Slappd n test ur special herbs n spices
(02:04 / Allies) Panda_Slammed: tower in front
(02:12 / All) aMazenPatriot: i would be honored to cock smack your face
(02:26 / All) aMazenArroh: oh u makin me so horny
(02:28 / Allies) Panda_Slammed: n00b
(02:37 / Allies) observati: those werent friends
(02:42 / Allies) Panda_Slammed: no tower
(02:54 / Allies) Panda_Slammed: oj
(02:57 / Allies) Panda_Slammed: idiot
(03:00 / Allies) Panda_Slammed: harass
(03:01 / Allies) observati: what god damnit
(04:11 / Allies) Panda_Slammed: double
(04:41 / Allies) Panda_Slammed: tower
(04:42 / Allies) Panda_Slammed: behind
(05:27 / Allies) Panda_Slammed: burn
(05:28 / Allies) Panda_Slammed: acos
(06:38 / Allies) Panda_Slammed: go burn
(07:56 / Allies) Panda_Slammed: creep
(08:52 / Allies) Chopstix: it'll be clear soon
(11:36 / Allies) Panda_Slammed: wood pls
(12:47 / Allies) Panda_Slammed: lets take that
(13:48 / Allies) observati: yoink
(14:03 / Allies) Panda_Slammed: yea
(14:13 / Allies) Panda_Slammed: frosts
(14:21 / Allies) Panda_Slammed: owned
(14:26 / Allies) observati: about to break through
(14:55 / Allies) Panda_Slammed: gold pls
(15:13 / Allies) Panda_Slammed: we thru
(15:15 / Allies) Chopstix: get truesight on towers
(15:18 / Allies) Panda_Slammed: i did
(15:25 / Allies) Chopstix: who has sorcs
(15:30 / Allies) Panda_Slammed: i do
(15:38 / Allies) Panda_Slammed: come
(15:48 / Allies) Chopstix: im going to use them
(15:51 / Allies) Panda_Slammed: k
(16:19 / Allies) Chopstix: will counter
(17:25 / Allies) observati: taking dis
(17:31 / Allies) Panda_Slammed: go
(17:47 / Allies) Panda_Slammed: tp
(19:01 / Allies) Chopstix: one main down
(20:11 / Allies) BO_SCHEMBECHLER: gold please
(20:16 / Allies) Panda_Slammed: have no
(20:29 / Allies) BO_SCHEMBECHLER: thanks
(21:11 / Allies) Panda_Slammed: coming back
(21:29 / Allies) Panda_Slammed: hawks
(21:38 / Allies) Panda_Slammed: ill invis mort
(23:50 / Allies) Panda_Slammed: im going
(23:51 / Allies) Panda_Slammed: to hit
(23:53 / Allies) Panda_Slammed: come help
(24:23 / Allies) Panda_Slammed: raiders first
(24:37 / Allies) Chopstix: fog first
(24:45 / Allies) BO_SCHEMBECHLER: 20 sec
(25:39 / Allies) Panda_Slammed: did u get pillage
(25:47 / Allies) Chopstix: course
(25:59 / Allies) observati: can i get some wood
(26:01 / Allies) Panda_Slammed: yea
(26:06 / Allies) observati: thx
(26:27 / Allies) observati: since when was chim range
(26:29 / Allies) observati: longer than tower
(26:35 / Allies) Chopstix: when they get acid breaht
(26:37 / Allies) Panda_Slammed: i dont know
(26:40 / Allies) Chopstix: do you have sorcs still
(26:47 / Allies) BO_SCHEMBECHLER: have 1
(26:55 / Allies) Panda_Slammed: i have 4
(27:57 / Allies) Chopstix: i need lumba
(28:00 / Allies) observati: meh
(28:17 / Allies) Panda_Slammed: what r u doing
(28:24 / Allies) observati: me?
(28:27 / Allies) Panda_Slammed: red
(29:25 / Allies) Panda_Slammed: nice
(29:45 / Allies) Panda_Slammed: can i have some gold
(29:51 / Allies) observati: i gave it all to red
(30:15 / Allies) Panda_Slammed: we got one
(30:16 / Allies) Panda_Slammed: base
(30:30 / Allies) Chopstix: im getting bats now
(30:39 / Allies) Panda_Slammed: i would like that expo
(30:42 / Allies) Panda_Slammed: that would be nice
(31:14 / Allies) BO_SCHEMBECHLER: weeeeee
(31:24 / Allies) Panda_Slammed: ncie
(32:04 / Allies) Panda_Slammed: expo
(32:22 / Allies) Panda_Slammed: coming
(33:02 / Allies) Chopstix: use my bats
(33:31 / Allies) Chopstix: cleared
(33:38 / Allies) Panda_Slammed: expoing
(33:59 / Allies) Chopstix: i made a bm
(34:00 / Allies) Chopstix: someone use it
(34:27 / Allies) observati: guess they have true sight
(34:52 / All) aMazenArroh: BLINK NUGGA
(35:00 / Allies) Chopstix: just suicide the bats
(35:01 / Allies) Panda_Slammed: need heals
(35:02 / Allies) Chopstix: i can make more
(35:03 / Allies) Chopstix: get exp
(35:20 / Allies) Panda_Slammed: heal pliz
(35:45 / Allies) observati: sup reve
(36:45 / Allies) observati: careful wit hthe bats
(36:46 / Allies) observati: dont waste them
(37:13 / Allies) Panda_Slammed: almost 6
(38:00 / Allies) Panda_Slammed: no
(38:11 / Allies) Panda_Slammed: that sucsk
(38:25 / Allies) Panda_Slammed: we need sight towers
(38:30 / Allies) observati: use that gold mine
(38:32 / Allies) observati: panda
(38:35 / Allies) Panda_Slammed: need farms
(38:50 / Allies) Panda_Slammed: hawks
(38:52 / Allies) Panda_Slammed: get tham
(39:21 / Allies) Panda_Slammed: need goold
(39:23 / Allies) Panda_Slammed: for farms
(41:33 / Allies) observati: damnit
(43:36 / Allies) observati: yo
(43:39 / Allies) observati: i just sent some bats down
(43:41 / Allies) observati: did they vanish??
(43:45 / Allies) Chopstix: no i moved the,
(43:46 / Allies) Chopstix: sorry
(43:51 / Allies) Chopstix: go ahead and sue them
(43:54 / Allies) observati: i cant find them
(44:58 / Allies) Panda_Slammed: this is hopeless
(45:03 / Allies) Panda_Slammed: im sticking with orc
(45:43 / Allies) Chopstix: hit thier base
(45:44 / Allies) observati: lets attack
(45:46 / Allies) observati: yeah
(45:48 / Allies) Chopstix: =with me
(45:50 / Allies) Chopstix: ive been ra[ing ud
(45:55 / Allies) Chopstix: buy itemns
(45:59 / Allies) Chopstix: i give gold if need
(46:02 / Allies) observati: bo
(46:04 / Allies) observati: howd you do that
(46:08 / Allies) BO_SCHEMBECHLER: ?
(46:10 / Allies) observati: look like starcraft mutalisk
(46:22 / Allies) observati: yo
(46:25 / Allies) observati: i need you to cloud pink
(46:27 / Allies) observati: while i bomb that shit
(46:45 / Allies) BO_SCHEMBECHLER: coming
(46:50 / Allies) Panda_Slammed: hahahah
(46:51 / Allies) Panda_Slammed: aaa
(49:17 / Allies) observati: whys there so much gold
(49:19 / Allies) observati: in this map
(49:27 / Allies) Chopstix: cause its friend
(50:49 / Allies) Panda_Slammed: we raped his shit
(51:15 / Allies) Chopstix: i gotz gold
(51:19 / Allies) observati: can i get some
(51:26 / Allies) observati: N
(51:29 / Allies) observati: not too much
(51:42 / Allies) Panda_Slammed: if u see some rob of magi lets me get it
(52:28 / Allies) observati: lol
(52:37 / Allies) Panda_Slammed: gonna try to take this back
(52:52 / Allies) observati: brave militia
(53:05 / Allies) Panda_Slammed: od they have the center
(53:14 / Allies) BO_SCHEMBECHLER: no
(53:19 / Allies) Panda_Slammed: ok
(53:31 / Allies) Panda_Slammed: like like hell
(53:51 / Allies) observati: put put zeppelin
(53:57 / Allies) observati: puttputt
(54:00 / Allies) Panda_Slammed: can i get some gold
(54:10 / Allies) observati: does a bear shit in the woods
(54:20 / Allies) Panda_Slammed: ty
(54:31 / Allies) Chopstix: they cant hit pheonix
(54:41 / Allies) Panda_Slammed: i know
(54:49 / Allies) Panda_Slammed: he wasting heals
(55:50 / All) observati: r
(55:51 / All) observati: a
(55:52 / All) observati: p
(55:52 / All) observati: e
(55:53 / All) observati: d
(55:58 / Allies) Panda_Slammed: ncie
(56:02 / All) MooN_KIlleR_12: lol u guys think ur good?...
(56:07 / All) MooN_KIlleR_12: microing a hero is so ez shitÃ
(56:16 / Allies) Panda_Slammed: shoick wave
(56:22 / Allies) Panda_Slammed: heay
(56:23 / Allies) Panda_Slammed: green
(56:24 / All) observati: what about macroing 30 dragonhawks against your entire air army
(56:31 / Allies) BO_SCHEMBECHLER: what
(56:33 / All) MooN_KIlleR_12: you don't micro
(56:34 / All) aMazenArroh: ok right..
(56:35 / All) aMazenArroh: thats hard..
(56:37 / All) aMazenArroh: with towers
(56:37 / All) MooN_KIlleR_12: you use towerz...
(56:43 / All) observati: are you...
(56:46 / All) observati: qqing...
(56:48 / All) observati: ...?
(56:54 / Allies) Panda_Slammed: run
(57:14 / All) MooN_KIlleR_12: u guys suck.
(57:19 / Allies) Panda_Slammed: theyu might iwn
(57:20 / All) MooN_KIlleR_12: towerz do the job for u.
(57:56 / Allies) observati: ill take those other hawks to teh fountains
(59:35 / Allies) observati: that fucking rock
(59:36 / Allies) Panda_Slammed: drop
(59:37 / Allies) Chopstix: maybe blademaster stole it
(60:20 / Allies) Panda_Slammed: he has no expos
(60:34 / Allies) Panda_Slammed: if this works
(60:38 / Allies) Panda_Slammed: that souwl be awsome
(60:47 / All) MooN_KIlleR_12: come own us plz
(61:37 / Allies) Panda_Slammed: towering the hell
(62:13 / Allies) observati: can i get 95 more gold
(62:16 / Allies) observati: plz
(62:28 / Allies) observati: thx bro
(63:05 / Allies) Panda_Slammed: potion
(63:09 / Allies) Panda_Slammed: divinity
(63:09 / Allies) Chopstix: buy those infernos
(63:18 / Allies) Panda_Slammed: someon got it
(63:20 / Allies) Panda_Slammed: bm
(63:59 / Allies) Panda_Slammed: blue got frost agian
(64:50 / Allies) Chopstix: get
(64:52 / Allies) Chopstix: arcane towers too
(64:58 / Allies) Chopstix: they help fight off heros
(65:01 / Allies) Panda_Slammed: my guess
(65:04 / Allies) Panda_Slammed: they hit this
(66:45 / Allies) Chopstix: \fuck
(66:46 / Allies) Chopstix: in high
(66:47 / Allies) Chopstix: using raiders
(67:04 / Allies) BO_SCHEMBECHLER: i need wood
(67:07 / Allies) BO_SCHEMBECHLER: please
(68:07 / Allies) Chopstix: use my bats quickley
(68:09 / Allies) Chopstix: for exp
(68:13 / Allies) Chopstix: i need to get out of high upkeep
(68:44 / Allies) Chopstix: gotta focus the bats
(68:46 / Allies) Chopstix: on one
(68:50 / Allies) Chopstix: wyrms have lots of armor
(69:29 / Allies) Panda_Slammed: tower
(69:30 / Allies) Panda_Slammed: yes
(69:38 / Allies) Panda_Slammed: bob
(69:39 / Allies) Panda_Slammed: bo
(69:43 / Allies) Panda_Slammed: lets tower this shit
(69:46 / Allies) BO_SCHEMBECHLER: bot?
(69:50 / Allies) Panda_Slammed: yes
(70:02 / Allies) Panda_Slammed: l;ol
(70:05 / Allies) Panda_Slammed: not in the middle
(70:10 / Allies) Chopstix: make many human shoops
(70:13 / Allies) Chopstix: to build towers asap
(70:23 / Allies) Panda_Slammed: he has shade
(70:23 / Allies) BO_SCHEMBECHLER: arcanes
(70:55 / Allies) Panda_Slammed: some
(70:57 / Allies) Panda_Slammed: kill it
(71:47 / Allies) observati: too many spiders
(71:56 / Allies) Panda_Slammed: ahh
(71:58 / Allies) observati: going in anyways
(72:06 / Allies) Chopstix: same
(73:44 / Allies) Panda_Slammed: umm can we say raped
(73:45 / Allies) Panda_Slammed: agian
(73:56 / Allies) Panda_Slammed: now
(73:58 / Allies) Panda_Slammed: build
(74:23 / Allies) Panda_Slammed: to
(74:24 / Allies) Panda_Slammed: wer
(74:57 / Allies) observati: need wood?
(75:02 / Allies) Panda_Slammed: noe
(75:11 / Allies) Panda_Slammed: yea
(75:13 / Allies) Panda_Slammed: bm would own
(75:16 / Allies) Panda_Slammed: nice chop
(75:24 / Allies) Chopstix: i have one
(75:24 / Allies) Panda_Slammed: someone get hall
(75:25 / Allies) Chopstix: only level 2
(75:50 / Allies) Chopstix: ROFL
(76:00 / Allies) Chopstix: ROFL
(76:01 / All) Panda_Slammed: gg
(76:05 / All) MooN_KIlleR_12: fu
(76:08 / All) aMazenArroh: dude
(76:12 / All) aMazenArroh: u guys are such pussys
(76:13 / All) aMazenArroh: seroiusly
(76:15 / All) MooN_KIlleR_12: this was no fun
(76:19 / All) Panda_Slammed: yea
(76:20 / All) aMazenArroh: i know
(76:23 / All) MooN_KIlleR_12: do you do that all game?
(76:24 / All) aMazenArroh: it was the most boring
(76:25 / All) Panda_Slammed: u could have won easily
(76:26 / All) aMazenArroh: battle ever
(76:27 / All) MooN_KIlleR_12: you play?
(76:38 / All) Panda_Slammed: you caould have beaten us right off the bat
(76:40 / Allies) Panda_Slammed: at
(76:46 / All) MooN_KIlleR_12: tell us, tell us how?
(76:50 / All) Panda_Slammed: at green and reds base by just sending everything
(77:00 / All) Panda_Slammed: after u destroied ours
(77:04 / All) MooN_KIlleR_12: lol ur just a fuckin moron
(77:08 / All) MooN_KIlleR_12: this wouldnt worked
(77:10 / Allies) Chopstix: dont hit NE
(77:12 / Allies) Chopstix: they have wyrms
(77:25 / Allies) Panda_Slammed: laff
(77:30 / Allies) Panda_Slammed: cloud
(77:40 / All) aMazenArroh: im to lazy
(77:42 / All) aMazenArroh: to buidl
(77:43 / All) aMazenArroh: fuckign towers
(77:47 / All) aMazenArroh: but u guys are horrible
(77:51 / All) MooN_KIlleR_12: lol
(77:53 / All) Panda_Slammed: hey we won
(77:53 / All) aMazenArroh: dude
(77:55 / All) aMazenArroh: u got no life
(77:59 / All) aMazenArroh: fucking can sit here
(78:01 / All) aMazenArroh: wasting time
(78:03 / All) aMazenArroh: like no tomorrow
(78:05 / All) Panda_Slammed: ur upset u lost
(78:06 / All) aMazenArroh: jeez
(78:09 / All) aMazenArroh: lrn to play
(78:11 / All) aMazenArroh: n also get a life
(78:15 / All) Panda_Slammed: u learn to play
(78:17 / All) aMazenArroh: beside just sit n fukcing camp
(78:19 / All) Panda_Slammed: if ucant beat this
(78:21 / All) aMazenArroh: like little bitchs
(78:22 / All) Panda_Slammed: then u suck
(78:23 / All) aMazenArroh: LOL
(78:25 / All) aMazenArroh: u wanna solo
(78:26 / All) aMazenArroh: ?
(78:28 / All) MooN_KIlleR_12: dude, plz solo me
(78:30 / All) aMazenArroh: motherfucker
(78:33 / All) aMazenArroh: ya
(78:35 / All) MooN_KIlleR_12: u suck
(78:38 / All) aMazenArroh: u guys would lose in a heartbeat
(78:38 / All) MooN_KIlleR_12: u SUK
(78:43 / All) aMazenArroh: if u fucking tried to solo
(78:59 / Allies) Chopstix: observati
(79:03 / Allies) Chopstix: this is why this is the best towa
(79:04 / Allies) Chopstix: map
(79:06 / All) Panda_Slammed: you can towers in solo as well
(79:09 / Allies) Chopstix: and this is why this map has so much gold
(79:13 / All) MooN_KIlleR_12: lol
(79:14 / All) MooN_KIlleR_12: ok
(79:14 / All) aMazenArroh: so
(79:15 / All) aMazenArroh: ?
(79:17 / All) MooN_KIlleR_12: try plz
(79:18 / All) aMazenArroh: its not like the same
(79:19 / All) aMazenArroh: newb
(79:21 / All) aMazenArroh: loL
(79:23 / All) aMazenArroh: yea comon
(79:26 / All) aMazenArroh: try against us
(79:27 / All) aMazenArroh: solo
(79:31 / All) aMazenArroh: fuckin towers will fail
(79:33 / All) aMazenArroh: n so will u
(79:35 / All) aMazenArroh: in Real life
(79:35 / All) MooN_KIlleR_12: fuck all, your bunch of towering noobs
(79:40 / All) MooN_KIlleR_12: who barely micro heroes
(79:42 / All) aMazenArroh: exactly
(79:47 / All) aMazenArroh: fags
(79:49 / All) Chopstix: good thing this isnt real life